AoeStats
← 神风咕噜噜

Fortress

508884466Analyzed
4v4 RM · 9d ago on Sep 24, 2026· 48m 53s· 8 players
Game mode
Random Map
Map size
Huge
Population
200
Speed
Normal
Resources
Standard
Victory
Conquest
Starting age
Dark Age
Ending age
Imperial Age
RankedLock teamsTeams togetherTeam positionsShared explorationLock speedFull tech treeHidden civsTurbo modeCheats
Victory
Defeat
🇨🇱 Huns · Chile
913
+14
🇺🇸 Britons · United States
893
+15
🇵🇪 Saracens · Peru
868
+16
🇺🇸 Poles · United States
847
+17
🇫🇷 Franks · France
917
-17
🇰🇭 Varangians · Cambodia
872
-16
🇨🇳 Shu · China
862
-15
🇹🇷 Romans · Türkiye
828
-14
fadul2105
6:34 Loom
8:53 Feudal Age
10:09 Loom
12:54 Castle Age
19:26 Pikeman
21:00 Forging
22:51 Double-Bit Axe
24:37 Iron Casting
33:50 Wheelbarrow
34:24 Squires
34:09 Gambesons
35:37 Scale Barding Armor
41:08 Scale Mail Armor
46:44 Fletching
47:58 Elite Skirmisher
48:44 Thumb Ring
48:46 Bodkin Arrow
Konivorus
3:56 Loom
8:01 Feudal Age
8:45 Double-Bit Axe
8:40 Horse Collar
8:53 Stone Mining
14:38 Castle Age
15:49 Heavy Plow
17:08 Forging
17:32 Bow Saw
17:18 Gold Mining
18:05 Stone Shaft Mining
22:08 Wheelbarrow
21:21 Loom
22:12 Wheelbarrow
22:32 Murder Holes
22:57 Ballistics
22:32 Fletching
23:17 Iron Casting
22:43 Scale Mail Armor
22:50 Scale Barding Armor
25:17 Hand Cart
26:04 Bloodlines
25:54 Husbandry
30:10 Imperial Age
29:18 Treadmill Crane
29:48 Szlachta Privileges
31:13 Squires
30:58 Arson
30:43 Cavalier
30:44 Light Cavalry
31:46 Conscription
31:50 Lechitic Legacy
32:09 Lechitic Legacy
32:59 Siege Engineers
33:56 Chemistry
33:26 Chain Barding Armor
34:06 Blast Furnace
34:58 Crop Rotation
34:27 Bodkin Arrow
33:54 Winged Hussar
36:37 Caravan
37:51 Masonry
38:25 Bracer
41:23 Capped Ram
ciborg
8:36 Feudal Age
9:15 Double-Bit Axe
9:12 Horse Collar
14:15 Castle Age
13:47 Wheelbarrow
19:35 Bow Saw
19:33 Heavy Plow
21:59 Hand Cart
29:19 Imperial Age
26:58 Scale Barding Armor
27:04 Forging
27:42 Caravan
28:27 Chain Barding Armor
29:17 Marauders
29:55 Iron Casting
31:48 Two-Man Saw
31:35 Plate Barding Armor
32:01 Blast Furnace
32:04 Chemistry
30:47 Elite Tarkan
31:38 Gold Mining
31:39 Stone Mining
32:12 Husbandry
37:43 Caravan
39:04 Bloodlines
Vanover1
1:58 Loom
7:06 Feudal Age
8:27 Wheelbarrow
7:41 Double-Bit Axe
7:40 Horse Collar
16:01 Castle Age
14:17 Gold Mining
14:30 Stone Mining
15:18 Fletching
15:42 Padded Archer Armor
17:05 Bow Saw
17:03 Heavy Plow
16:51 Loom
18:03 Town Watch
20:32 Hand Cart
23:26 Leather Archer Armor
23:34 Bodkin Arrow
24:51 Ballistics
27:14 Gold Shaft Mining
30:55 Imperial Age
28:38 Fortified Wall
30:22 Yeomen
30:43 Forging
30:34 Scale Mail Armor
30:47 Masonry
31:17 Caravan
32:07 Iron Casting
31:40 Bracer
33:24 Chemistry
33:22 Conscription
34:03 Ring Archer Armor
33:12 Pikeman
33:52 Squires
34:42 Chain Mail Armor
35:50 Iron Casting
34:41 Halberdier
40:20 Blast Furnace
39:55 Crossbowman
40:55 Arbalester
41:35 Gambesons
41:11 Man-at-Arms
43:24 Long Swordsman
43:52 Arson
44:41 Plate Mail Armor
47:04 Two-Handed Swordsman
Socrate78
7:35 Feudal Age
10:03 Wheelbarrow
12:21 Castle Age
10:52 Gold Mining
10:54 Double-Bit Axe
12:42 Forging
14:17 Gold Shaft Mining
13:54 Bow Saw
19:43 Scale Mail Armor
22:08 Wheelbarrow
24:53 Imperial Age
25:00 Imperial Age
24:22 Iron Casting
25:19 Chain Mail Armor
27:15 Plate Mail Armor
31:32 Scale Barding Armor
32:08 Masonry
33:04 Husbandry
34:45 Hand Cart
35:26 Ballistics
35:28 Cavalier
36:24 Cavalier
38:54 Stone Mining
41:22 Paladin
41:37 Pikeman
43:58 Chemistry
44:08 Chain Barding Armor
48:14 Plate Barding Armor
神风咕噜噜
8:02 Feudal Age
9:35 Double-Bit Axe
12:27 Castle Age
10:34 Horse Collar
12:01 Gold Mining
15:19 Wheelbarrow
15:10 Loom
20:03 Fletching
21:47 Bow Saw
21:24 Crossbowman
23:05 Bodkin Arrow
23:56 Gold Shaft Mining
24:22 Ballistics
24:17 Padded Archer Armor
24:53 Heavy Plow
25:15 Thumb Ring
27:24 Scale Barding Armor
30:14 Imperial Age
29:19 Husbandry
30:18 Hand Cart
30:27 Fortified Wall
30:20 Coiled Serpent Array
31:05 Chain Barding Armor
31:59 Chemistry
30:30 Arbalester
31:12 Bracer
32:23 Two-Man Saw
31:32 Capped Ram
32:55 Bolt Magazine
33:16 Conscription
33:04 Town Watch
33:47 Stone Mining
33:39 Elite White Feather Guard
34:52 Scale Mail Armor
35:31 Squires
35:45 Forging
35:53 Chain Mail Armor
37:17 Plate Mail Armor
Dirty Harry
8:04 Feudal Age
9:30 Man-at-Arms
12:45 Castle Age
11:13 Double-Bit Axe
11:10 Horse Collar
12:38 Scale Mail Armor
12:49 Forging
12:59 Long Swordsman
16:52 Fortified Wall
18:54 Squires
27:16 Fletching
33:51 Masonry
35:24 Bodkin Arrow
36:18 Murder Holes
ken091617
8:04 Feudal Age
6:41 Loom
9:03 Double-Bit Axe
9:02 Horse Collar
12:07 Castle Age
11:16 Bloodlines
16:30 Bow Saw
17:06 Heavy Plow
20:29 Wheelbarrow
22:25 Hand Cart
28:32 Imperial Age
26:36 Husbandry
27:38 Forging
27:34 Scale Barding Armor
28:06 Gold Mining
28:07 Stone Mining
29:23 Iron Casting
29:47 Conscription
29:50 Vendel Legacy
31:19 Elite Jarl
33:51 Blast Furnace
35:51 Chain Barding Armor
37:32 Elite Varangian Guard
38:16 Scale Mail Armor
39:20 Chain Mail Armor
Connection lost

Rejoining the realm…

Still unreachable

The connection could not be restored.

Session expired

The server has moved on; the page needs a fresh start.